Map: Akilon Wastes

Players

BigBlue - Winner!

  • Race: Terran Terran
  • Spawn Location: 5:00

A.I. 1 (Very Easy)

  • Race: Protoss Protoss
  • Spawn Location: 11:00

VOD

Have the link to the VOD?

Description

Time

  • Played on: July 31, 2018, 11:54 p.m.
  • Length: 6:29
Show
View Real Time Build Order
Export as new Build Order

BigBlue Terran - Winner!

Build Orders:  

Get SALT Encoding   

  12  0:01  SCV  
  13  0:13  SCV  
  14  0:17  Supply Depot  
  14  0:25  SCV  
  15  0:39  SCV  
  15  0:42  Barracks  
  16  0:51  SCV  
  16  0:53  Refinery  
  17  1:03  SCV  
  18  1:15  SCV  
  19  1:28  Orbital Command  
  20  1:38  Command Center  
  19  1:42  Marine  
  20  1:54  Supply Depot  
  20  1:56  SCV  
  21  2:04  Barracks Tech Lab  
  21  2:10  Barracks  
  21  2:12  SCV  
  22  2:19  Barracks  
  22  2:22  Refinery  
  22  2:25  SCV  
  23  2:31  Combat Shields  
  23  2:37  SCV  
  24  2:50  SCV  
  25  2:54  SCV  
  26  3:08  SCV  
  26  3:10  SCV  
  28  3:13  Barracks Reactor  
  28  3:15  Barracks Tech Lab  
  28  3:20  Barracks  
  28  3:24  SCV  
  28  3:25  SCV  
  28  3:26  Engineering Bay  
  30  3:35  Marauder x2  
  30  3:36  SCV  
  30  3:37  SCV  
  36  3:49  SCV x2  
  36  3:50  Marine x2  
  36  3:54  Concussive Shells  
  40  3:59  Marauder  
  40  4:01  Marauder  
  44  4:08  Barracks Reactor  
  44  4:11  Marine x2  
  46  4:22  Supply Depot  
  46  4:24  Supply Depot  
  46  4:28  Supply Depot  
  46  4:43  Marine x2, SCV x2  
  46  4:44  Marauder x2  
  54  4:46  Marine x2  
  56  4:54  Supply Depot  
  56  4:55  SCV x2  
  56  4:56  Supply Depot  
  56  4:58  Supply Depot  
  58  5:02  Marine x2  
  60  5:08  SCV x2  
  60  5:11  Marine x2  
  60  5:12  Marauder x2  
  68  5:21  Factory  
  68  5:25  Marine x2  
  70  5:29  SCV  
  70  5:33  Marauder  
  70  5:34  Marauder  
  70  5:35  Orbital Command  
  75  5:39  Refinery  
  75  5:41  Refinery, SCV  
  76  5:43  Marine x2  
  76  5:44  Marine x2  
  80  5:55  Marauder x2  
  84  6:05  Marine x4  
Show
View Real Time Build Order
Export as new Build Order

A.I. 1 (Very Easy) Protoss 

Build Orders:  

Get SALT Encoding   

  12  0:00  Probe  
  13  0:13  Probe  
  14  0:20  Pylon  
  14  0:37  Assimilator  
  14  0:43  Gateway  
  14  0:47  Pylon  
  14  1:13  Assimilator  
  14  1:22  Probe  
  14  1:24  Zealot  
  14  1:30  Probe  
  15  1:33  Cybernetics Core  
  18  1:40  Probe  
  19  1:52  Probe  
  20  1:59  Warp Gate  
  20  2:00  Probe  
  21  2:08  Probe  
  22  2:39  Stalker  
  24  5:53  Stalker  
  20  6:06  Probe  
  20  6:10  Pylon  
  14  6:14  Probe  
Tags
 
Add a new tag
Caveats
  • Supply blocks, unpowered buildings, or Contaminate may cause inaccurate times.
  • Supply counts are checked every 10 seconds.